 Dungeon Crawl Stone Soup version 0.20-a0-277-g7db01f4 (webtiles) character file.

11 esc the Chucker (level 2, 0/28 HPs)
             Began as an Ogre Arcane Marksman on Dec 11, 2016.
             Succumbed to a goblin's poison
             ... on level 1 of the Dungeon.
             The game lasted 00:02:54 (813 turns).

esc the Chucker (Ogre Arcane Marksman)               Turns: 813, Time: 00:02:54

Health: 0/28       AC:  3    Str: 15    XL:     2   Next: 29%
Magic:  3/3        EV: 10    Int: 12    God:
Gold:   66         SH:  0    Dex:  9    Spells: 2/3 levels left

rFire  . . .     SeeInvis .     k - +0 club
rCold  . . .     Gourm    .     a - +0 robe
rNeg   . . .     Faith    .     (no shield)
rPois  .         Spirit   .     (helmet restricted)
rElec  .         Reflect  .     (no cloak)
rCorr  .         Harm     .     (gloves unavailable)
MR     .....                    (boots unavailable)
Stlth  +.........               (no amulet)
                                (no ring)
                                (no ring)

@: lethally poisoned (0 -> -16), exhausted, slowed, very slow
A: unfitting armour, tough skin 1
a: no special abilities


You were on level 1 of the Dungeon.
You were not hungry.

You visited 1 branch of the dungeon, and saw 1 of its levels.

You collected 66 gold pieces.

Inventory:

Hand Weapons
 k - a +0 club (weapon)
   (You took it off a hobgoblin on level 1 of the Dungeon)
Missiles
 c - 9 large rocks {!d}
 d - 2 throwing nets {=f, !d}
 g - 54 stones (quivered)
Armour
 a - a +0 robe (worn)
Scrolls
 h - a scroll of recharging {unknown}
 j - a scroll of remove curse {unknown}
Books
 b - a book of Debilitation
Comestibles
 f - a bread ration {@e1}
 i - a chunk of flesh {@w0}


   Skills:
 + Level 2.2 Fighting
 + Level 0.3 Maces & Flails
 - Level 2.2 Throwing
 - Level 2.0 Dodging
 - Level 1.2 Spellcasting
 - Level 2.1 Hexes


You had 2 spell levels left.
You knew the following spells:

 Your Spells              Type           Power        Failure   Level  Hunger
v - Corona                Hex            #......      14%         1    ##.....


Dungeon Overview and Level Annotations

Branches:
Dungeon (1/15)

Altars:


Innate Abilities, Weirdness & Mutations

You are too large for most types of armour.
You have tough skin. (AC +1)


Message History

You butcher the rat corpse.
i - 2 chunks of flesh {@w0} (gained 1)
You see here a rat skeleton.
You see here a ring mail.
A rat comes into view.
The rat barely misses you.
You closely miss the rat. The rat bites you but does no damage.
You hit the rat.
You kill the rat!
No target in view!
No target in view!
c - 9 large rocks {!d} (gained 5)
l - a cyan potion Drop what? 12/52 slots (_ for help) (? for menu, Esc to quit)
Okay, then.
Some of the chunks of flesh in your inventory have rotted away.
You now have 50 gold pieces (gained 7).
Found a stone staircase leading down.
You now have 66 gold pieces (gained 16).
A goblin comes into view. It is wielding a dagger of venom.
You barely miss the goblin. The goblin misses you.
You closely miss the goblin. The goblin closely misses you.
You barely miss the goblin. The goblin hits you but does no damage.
You are poisoned.
The goblin hits you but does no damage.
You are more poisoned.
You barely miss the goblin.
You feel sick. The goblin hits you but does no damage.
You are lethally poisoned!
You take 2 damage, and have 26/28 hp.
You hit the goblin.
You feel very sick.
The goblin hits you with a dagger of venom.
You take 4 damage, and have 22/28 hp.
You barely miss the goblin.
You feel very sick.
The goblin hits you with a dagger of venom.
You are more poisoned.
The goblin hits you with a dagger of venom.
You are more poisoned.
You take 8 damage, and have 14/28 hp.
MASSIVE DAMAGE!!
Aim: a goblin, wielding a dagger of venom (severely wounded)
Okay, then.
You hit the goblin.
You kill the goblin!
You feel very sick.
You take 4 damage, and have 10/28 hp.
There is a lethal amount of poison in your body!
It was a potion of berserk rage.
A red film seems to cover your vision as you go berserk!
You feel yourself moving faster!
You feel mighty!
* * * LOW HITPOINT WARNING * * *
You feel very sick.
You now have 12/42 hp.
You are too berserk!
There is a lethal amount of poison in your body!
You feel a strong urge to attack something.
* * * LOW HITPOINT WARNING * * *
You feel sick.
You take 2 damage, and have 10/42 hp.
* * * LOW HITPOINT WARNING * * *
You feel sick.
You take 2 damage, and have 8/42 hp.
You feel your anger subside.
You are no longer berserk.
You are exhausted.
You feel yourself slow down.
* * * LOW HITPOINT WARNING * * *
You feel sick.
You now have 4/28 hp.
It was a potion of heal wounds.
You feel much better.
You feel very sick.
You regained 16 hp, and now have 20/28 hp.
There is a lethal amount of poison in your body!
You aren't carrying any potions.
You feel very sick.
Things that are here:
a dagger of venom; a goblin corpse You take 3 damage, and have 17/28 hp.
You butcher the goblin corpse.
You feel very sick.
Things that are here:
a dagger of venom; 2 chunks of flesh {@w0} You take 4 damage, and have 13/28 hp.
You feel very sick.
You take 3 damage, and have 10/28 hp.
Okay, then.
* * * LOW HITPOINT WARNING * * *
You feel very sick.
You take 2 damage, and have 8/28 hp.
* * * LOW HITPOINT WARNING * * *
You feel sick.
You take 2 damage, and have 6/28 hp.
* * * LOW HITPOINT WARNING * * *
You feel very sick.
You take 3 damage, and have 3/28 hp.
* * * LOW HITPOINT WARNING * * *
You feel sick.
You take 2 damage, and have 1/28 hp.
You die...

... #.......# ....
#....... ...##......
#........ #...... ..
#.#..####.. ## #.....#....
. #.)..%.## ######
##@......#####.....
##......#........... .
#..#..>..### #..... .
#..#........ #.....
#.##.......###.#######.
###.#............รท.......
.........................
##..>.#.#.....###........
##
...###..####..###..######


There were no monsters in sight!

Vanquished Creatures
  A dart slug (D:1)
  2 goblins (D:1)
  A hobgoblin (D:1)
  A kobold (D:1)
  2 bats (D:1)
  2 rats (D:1)
9 creatures vanquished.

Notes
Turn   | Place    | Note
-------+----------+-------------------------------------------
     0 | D:1      | esc the Ogre Arcane Marksman began the quest for the Orb.
     0 | D:1      | Reached XP level 1. HP: 19/19 MP: 2/2
   310 | D:1      | Reached skill level 2 in Fighting
   334 | D:1      | HP: 4/20 [kobold (3)]
   339 | D:1      | HP: 2/20 [kobold (1)]
   341 | D:1      | Reached skill level 2 in Dodging
   417 | D:1      | HP: 4/20 [hobgoblin/club (2)]
   420 | D:1      | Reached XP level 2. HP: 6/28 MP: 3/3
   802 | D:1      | HP: 10/42 [poisoned by a goblin]
   804 | D:1      | HP: 4/28 [poisoned by a goblin]
   810 | D:1      | HP: 6/28 [poisoned by a goblin]
   812 | D:1      | HP: 1/28 [poisoned by a goblin]
   813 | D:1      | Succumbed to a goblin's poison

Vault maps used:
D:1:      dpeg_arrival_stone_temple_mockup

Skill      XL: |  1 |
---------------+----+-----
Fighting       | 2 |  2.2
Dodging        | 2 |  2.0
Maces & Flails | |  0.3
Throwing       | |  2.2
Spellcasting   | |  1.2
Hexes          | |  2.1

Action                   || total
-------------------------++-------
Melee: Unarmed           ||    26
       Dagger            ||    15
       Club              ||    17
Throw: Stone             ||     7
  Use: Potion            ||     2
Armor: Robe              ||    22
Dodge: Dodged            ||    31

Vault maps used:
D:1:      dpeg_arrival_stone_temple_mockup

Table legend:
 A = Turns spent in this place as a percentage of turns spent in the entire game.
 B = Non-inter-level travel turns spent in this place as a percentage of non-inter-level travel turns spent in the entire game.
 C = Inter-level travel turns spent in this place as a percentage of turns spent in this place.
 D = Turns resting spent in this place as a percentage of non-inter-level travel turns spent in this place.
 E = Turns spent auto-exploring this place as a percentage of non-inter-level travel turns spent in this place.
 F = Non-inter-level travel turns spent in this place divided by the number of levels of this place that you've seen.
                   A       B       C       D       E      F
               +-------+-------+-------+-------+-------+----------------------
         Total | 100.0 | 100.0 |   0.0 |   4.1 |   4.1 | 195.0
       Dungeon | 100.0 | 100.0 |   0.0 |   4.1 |   4.1 | 195.0
               +-------+-------+-------+-------+-------+----------------------

Table legend:
 A = Kills in this place as a percentage of kills in entire the game.
 B = Kills by you in this place as a percentage of kills by you in the entire game.
 C = Kills by friends in this place as a percentage of kills by friends in the entire game.
 D = Other kills in this place as a percentage of other kills in the entire game.
 E = Experience gained in this place as a percentage of experience gained in the entire game.
 F = Experience gained in this place divided by the number of levels of this place that you have seen.
                   A       B       C       D       E      F
               +-------+-------+-------+-------+-------+----------------------
         Total | 100.0 | 100.0 |  -nan |  -nan | 100.0 |  17.0
       Dungeon | 100.0 | 100.0 |  -nan |  -nan | 100.0 |  17.0
               +-------+-------+-------+-------+-------+----------------------
